 Dungeon Crawl Stone Soup version 0.27-a0-1347-gd8886f0a89 (webtiles) character file.

Game seed: 11808813659142746532

60 Brandom the Sneak (level 4, -7/33 HPs)
             Began as a Human Delver on June 27, 2021.
             Was a Follower of Hepliaklqana.
             Killed from afar by a white imp (15 damage)
             ... with a puff of frost
             ... summoned by Natasha
             ... on level 2 of the Dungeon.
             The game lasted 00:03:06 (1603 turns).

Brandom the Sneak (Human Delver)                    Turns: 1603, Time: 00:03:07

Health: -7/33      AC:  3    Str: 13    XL:     4   Next: 24%
Magic:  4/4        EV: 12    Int: 10    God:    Hepliaklqana [*.....]
Gold:   57         SH:  0    Dex: 15    Spells: 3/3 levels left

rFire    . . .     SeeInvis .   a - +0 mace
rCold    . . .     Faith    .   (no shield)
rNeg     . . .     Spirit   .   b - +0 leather armour
rPois    .         Reflect  .   (no helmet)
rElec    .         Harm     .   (no cloak)
rCorr    .         Rampage  .   (no gloves)
Will     .....                  (no boots)
Stlth    +++.......             (no amulet)
HPRegen  0.11/turn              (no ring)
MPRegen  0.09/turn              (no ring)

@: no status effects
A: reduced essence
a: Renounce Religion, Recall Ancestor, Ancestor Identity


You were on level 2 of the Dungeon.
You worshipped Hepliaklqana.
Hepliaklqana was aware of your devotion.
You visited 1 branch of the dungeon, and saw 5 of its levels.

You collected 57 gold pieces.

Inventory:

Hand Weapons
 a - a +0 mace (weapon)
Missiles
 m - 14 poisoned darts (quivered)
Armour
 b - a +0 leather armour (worn)
 j - a +0 helmet
   (You found it on level 1 of the Dungeon)
Wands
 v - a wand of digging (3)
Scrolls
 c - 2 scrolls of fog
 d - a scroll of magic mapping
 e - 2 scrolls of fear
 g - 2 scrolls of identify {unknown}
 i - a scroll of immolation {unknown}
 l - 3 scrolls of amnesia {unknown}
Potions
 f - a potion of haste {@q3}
 h - a potion of magic {unknown}
 k - a potion of heal wounds {unknown}


   Skills:
 * Level 3.6 Fighting
 * Level 2.9 Maces & Flails
 + Level 1.1 Armour
 + Level 2.4 Dodging
 - Level 5.0 Stealth


You had 3 spell levels left.
You didn't know any spells.
Your spell library was empty.

Dungeon Overview and Level Annotations

Branches:
Dungeon (5/15)
 Temple: D:4-7

Altars:
Hepliaklqana

Annotations:
D:2 Natasha


Message History

You are too injured to fight recklessly!
You are too injured to fight recklessly!
You see here 8 gold pieces.
Krek hits Jessica.
Jessica dies!
Your Armour skill increases to level 1!
You have reached level 4!
You feel agile.
Krek remembers more of their old skill.
Okay, then.
You swap places.
You now have 57 gold pieces (gained 8).
Things that are here:
a +0 club; a +0 robe; the human corpse of Jessica You see here 14 poisoned darts.
m - 14 poisoned darts You swap places.
An endoplasm comes into view.
The endoplasm freezes you.
You are frozen.
You hit the endoplasm. The endoplasm closely misses you.
You hit the endoplasm.
You kill the endoplasm!
No target in view!
No target in view!
Natasha is nearby!
Unknown command.
The helpless Natasha fails to defend herself.
You hit Natasha.
Natasha casts a spell.
You closely miss Natasha. Natasha closely misses you. The white imp hits you.
The white imp freezes you. Natasha completely misses you.
You hit Natasha but do no damage. The white imp gestures at you.
The puff of frost hits you. Natasha barely misses you.
You hit Natasha. The white imp misses you. Natasha claws you!
* * * LOW HITPOINT WARNING * * *
You swap places.
The white imp hits Krek.
The white imp freezes Krek.
Krek resists.
Natasha stares at you and mumbles some strange words.
The magic dart hits Krek!
Krek hits Natasha but does no damage.
The white imp barely misses Krek.
Natasha claws Krek.
Krek hits Natasha but does no damage.
Krek has departed this plane of existence.
The white imp gestures at you. The puff of frost hits you.
* * * LOW HITPOINT WARNING * * *
The white imp gestures at you. The puff of frost hits you!
You die...

####........................#
###.......######....###########
....#...### ####.........##
......#.# #...........##
.######.# #.........#..# ## #.#
#.........##.# #.#
#.........##.## #.#
####.........##..## #.#
#.@..........###..# #.#
###.##.........####.# #.#
#...##.......>.)..#..
..#####.#####.###############.###
#.......5..5.......# #.##
.######h#####.####... #..## #.#
##.# ######..# #...5h####..#
.......... #####......##
########..


You could see a white imp (summoned).

Vanquished Creatures
  4 endoplasms (D:2)
  A giant cockroach (D:1)
  2 goblins
  2 hobgoblins (D:1)
  2 quokkas
  2 ball pythons
  3 bats
  4 frilled lizards
  2 kobolds (D:1)
  A rat (D:1)
23 creatures vanquished.

Vanquished Creatures (collateral kills)
  Jessica (D:2)
  2 dart slugs
  A hobgoblin (D:1)
  2 bats (D:1)
6 creatures vanquished.

Vanquished Creatures (others)
  An ancestor (D:2)
1 creature vanquished.

Grand Total: 30 creatures vanquished

Notes
Turn   | Place    | Note
-------+----------+-------------------------------------------
     0 | D:5      | Brandom the Human Delver began the quest for the Orb.
     0 | D:5      | Reached XP level 1. HP: 18/18 MP: 1/1
    88 | D:2      | Reached XP level 2. HP: 17/24 MP: 2/2
   200 | D:2      | Noticed Natasha
   256 | D:1      | Found a faded altar of an unknown god.
   268 | D:1      | Became a worshipper of Hepliaklqana the Forgotten
   268 | D:1      | Reached * piety under Hepliaklqana
   687 | D:1      | Reached XP level 3. HP: 26/26 MP: 3/3
  1327 | D:2      | Noticed Jessica
  1339 | D:2      | Killed Jessica
  1340 | D:2      | Reached skill level 1 in Armour
  1340 | D:2      | Reached XP level 4. HP: 16/32 MP: 4/4
  1603 | D:2      | Killed from afar by a white imp

Illustrated notes

Levels and vault maps discovered:
D:1:      sevenhm_arrival_forest_fort_small_6, layout_basic,
          ebering_ecumenical_altar_webs, chequers_decorated_corner
D:2:      layout_rooms, minmay_misc_feat_hallway, corexii_leaking_fountain,
          uniq_robin, uniq_jessica, uniq_natasha
D:3:      layout_loops_ring, kennysheep_slug_shrine, minmay_misc_feat_diagonals
D:4:      layout_loops_ring, gammafunk_temple_overflow_statue, serial_shops,
          shop, uniq_edmund, uniq_sigmund
D:5:      layout_cave_pods, minmay_temple_entry_gardened_gates

Skill      XL: |  1  2  3 |
---------------+----------+-----
Armour         | 1 |  1.1
Fighting       | |  3.6
Maces & Flails | |  2.9
Dodging        | |  2.4
Stealth        | |  5.0

Action                   |  1- 3 |  4- 6 || total
-------------------------+-------+-------++-------
Melee: Mace              |    68 |     6 ||    74
Invok: Ancestor Identity |     1 |       ||     1
 Stab: Sleeping          |    10 |     1 ||    11
Armor: Leather armour    |    23 |       ||    23
Dodge: Dodged            |    64 |     5 ||    69

Table legend: (Time is in decaauts)
 A = Elapsed time spent in this place.
 B = Non-inter-level travel time spent in this place.
 C = Inter-level travel time spent in this place.
 D = Time resting spent in this place.
 E = Time spent auto-exploring this place.
 F = Levels seen in this place.
 G = Mean time per level.
                   A        B        C        D        E       F      G
               +--------+--------+--------+--------+--------+-----+--------+
         Total |   1623 |   1612 |     11 |      0 |   1310 |   5 |  324.6 |
       Dungeon |   1623 |   1612 |     11 |      0 |   1310 |   5 |  324.6 |
               +--------+--------+--------+--------+--------+-----+--------+

Top non-repeatable levels by time:
     D:1: 1051 daAuts
     D:2: 509 daAuts
     D:3: 47 daAuts
     D:4: 9 daAuts
     D:5: 5 daAuts
